 Dungeon Sprint DCSS version 0.21.1-1-g345015f (webtiles) character file.

3900000 Larett the Intangible (level 24, -115/272 HPs)
             Began as a Deep Dwarf Warper on June 12, 2018.
             Was the Champion of Makhleb.
             Annihilated by The Servant
             ... wielding a +9 glaive of flaming
              (141 damage)
             ... in the Dungeon (Sprint VIII: "Arena of Blood").
             The game lasted 00:02:15 (39 turns).

Larett the Intangible (Deep Dwarf Warper)             Turns: 39, Time: 00:02:15

Health: -115/272   AC:  6    Str: 17    XL:     24   Next: 72%
Magic:  23/53      EV: 34    Int: 16    God:    Makhleb [******]
Gold:   0          SH:  0    Dex: 20    Spells: 77/77 levels left

rFire    . . .     SeeInvis .   R - +∞ Axe of Woe
rCold    . . .     Gourm    .   (shield currently unavailable)
rNeg     + . .     Faith    .   b - +0 leather armour
rPois    .         Spirit   .   (no helmet)
rElec    .         Reflect  .   (no cloak)
rCorr    .         Harm     .   (no gloves)
MR       +++..     NoTele   +   (no boots)
Stlth    +++++++++.             (no amulet)
HPRegen  0.00/turn              (no ring)
MPRegen  0.33/turn              (no ring)

@: very slightly contaminated, non-regenerating
A: damage resistance, heal wounds, negative energy resistance 1, sense
surroundings 3, no regeneration
a: Heal Wounds, Minor Destruction, Lesser Servant of Makhleb, Major Destruction,
Greater Servant of Makhleb, Renounce Religion


You were in the Dungeon.
You worshipped Makhleb.
Makhleb was exalted by your worship.
You were not hungry.

You visited 1 branch

Inventory:

Hand Weapons
 a - a +0 mace
 R - the +∞ Axe of Woe (weapon)
   (You found it in the Dungeon)
Missiles
 e - 5 tomahawks of dispersal (quivered) {!f}
Armour
 b - a +0 leather armour (worn)
Jewellery
 s - an uncursed ring of see invisible
 y - a +30 ring of slaying
 S - a +30 ring of slaying
Scrolls
 B - a scroll of blinking
Potions
 i - a potion of haste
 j - 2 potions of magic
 k - a potion of berserk rage
 Q - a potion of curing
Books
 c - a book of Spatial Translocations

   Spells                             Type                      Level
   a - Blink                          Translocation                2
   b - Shroud of Golubria             Charms/Translocation         2
   c - Lesser Beckoning               Translocation                3
   d - Gell's Gravitas                Translocation                3
   e - Teleport Other                 Translocation                3
   f - Passage of Golubria            Translocation                4
Comestibles
 f - a ration


   Skills:
 O Level 27 Fighting
 O Level 27 Axes
 O Level 27 Maces & Flails
 O Level 27 Throwing
 O Level 27 Armour
 O Level 27 Dodging
 O Level 27 Stealth
 O Level 27 Unarmed Combat
 O Level 27 Spellcasting
   Level 3.2 Translocations
 O Level 27 Invocations


You had 77 spell levels left.
You didn't know any spells.

Dungeon Overview and Level Annotations

Branches:
Dungeon (1/1)

Altars:
Makhleb

Annotations:
D The Servant


Innate Abilities, Weirdness & Mutations

You are resistant to damage.
You can heal yourself by infusing magical energy.
You resist negative energy. (rN+)
You passively map a large area around you.
You do not regenerate.


Message History

The bag of meat is engulfed in blazing flames.
You hear a shout!
The sculptor of flesh is engulfed in blazing flames.
The Servant is engulfed in blazing flames.
The Servant hits you from afar with a +9 glaive of flaming!
* * * LOW HITPOINT WARNING * * *
The Servant burns you.
* * * LOW HITPOINT WARNING * * *
You hear a shout!
Okay, then.
Your magical essence is drained by the effort!
You feel much better.
You are engulfed in blazing flames.
* * * LOW HITPOINT WARNING * * *
The bag of meat hits you with a +9 war axe.
* * * LOW HITPOINT WARNING * * *
You hear a shout! x3
The Servant is engulfed in blazing flames.
The Servant hits you from afar with a +9 glaive of flaming!!!!
Ouch! That really hurt!
You die...

,* *
......§§§...##... *
,, , ,
,..#%...)))%#.....
, ,,, ,
.V.....)))#%..## ,,
, , ,
.##.#...)))......,,
, .......)z§)......
, , ,*
#....#..§).####.o ,
, * , ,
,..%....§§§...#.,.
, * *
.....@§§o§...... *
* .....§)@.§.....#
* ################


You could see The Servant, a destroyer (wandering), a sculptor of flesh
(wandering) and a bag of meat.

Vanquished Creatures
  2 vampire knights (D)
  7 ogres (D)
  4 two-headed ogres (D)
  32 orcs (D)
45 creatures vanquished.

Notes
Turn   | Place    | Note
-------+----------+-------------------------------------------
     0 | D        | Found the +∞ Axe of Woe
     0 | D        | Larett the Deep Dwarf Warper began the quest for the Orb.
     0 | D        | Reached XP level 1. HP: 19/19 MP: 3/3
     3 | D        | Noticed a bag of meat
     4 | D        | Noticed a bag of meat
     4 | D        | Became a worshipper of Makhleb the Destroyer
     5 | D        | Noticed a bag of meat
     5 | D        | Noticed a bag of meat
     5 | D        | Noticed a bag of meat
     7 | D        | Killed a bag of meat
     7 | D        | Reached skill level 15 in Fighting
     7 | D        | Reached XP level 2. HP: 52/52 MP: 4/4
     7 | D        | Reached XP level 3. HP: 60/60 MP: 5/5
     7 | D        | Reached XP level 4. HP: 68/68 MP: 6/6
     7 | D        | Reached XP level 5. HP: 75/75 MP: 7/7
     7 | D        | Reached XP level 6. HP: 84/84 MP: 8/8
     7 | D        | Reached XP level 7. HP: 91/91 MP: 9/9
     7 | D        | Reached XP level 8. HP: 99/99 MP: 10/10
     7 | D        | Gained mutation: You passively map the area around you. [Deep Dwarf growth]
     7 | D        | Reached XP level 9. HP: 106/106 MP: 11/11
     7 | D        | Reached XP level 10. HP: 115/115 MP: 12/12
     7 | D        | Reached XP level 11. HP: 122/122 MP: 13/13
     8 | D        | Killed a bag of meat
     8 | D        | Reached * piety under Makhleb
     8 | D        | Reached XP level 12. HP: 114/136 MP: 14/14
     8 | D        | Killed a bag of meat
     8 | D        | Reached skill level 21 in Fighting
     8 | D        | Reached skill level 27 in Dodging
     8 | D        | Reached XP level 13. HP: 131/156 MP: 15/15
     9 | D        | Noticed a meat berserker
     9 | D        | Killed a bag of meat
     9 | D        | Gained mutation: You resist negative energy. (rN+) [Deep Dwarf growth]
     9 | D        | Reached XP level 14. HP: 121/172 MP: 16/16
     9 | D        | Killed a bag of meat
     9 | D        | Reached ** piety under Makhleb
    10 | D        | Noticed a bag of meat
    10 | D        | Noticed a bag of meat
    10 | D        | Noticed a bag of meat
    10 | D        | Noticed a bag of meat
    11 | D        | Noticed a bag of meat
    11 | D        | Noticed a bag of meat
    11 | D        | Noticed a bag of meat
    11 | D        | Killed a meat berserker
    11 | D        | Reached skill level 27 in Fighting
    11 | D        | Reached XP level 15. HP: 134/190 MP: 17/17
    12 | D        | Noticed a meat berserker
    12 | D        | Noticed a meat berserker
    13 | D        | Noticed a meat berserker
    13 | D        | Noticed a meat berserker
    13 | D        | Killed a meat berserker
    13 | D        | Reached *** piety under Makhleb
    13 | D        | Reached skill level 27 in Axes
    13 | D        | Reached XP level 16. HP: 200/200 MP: 17/24
    14 | D        | Noticed a large bag of meat
    16 | D        | Reached skill level 12 in Stealth
    16 | D        | Reached skill level 12 in Invocations
    16 | D        | Reached skill level 15 in Stealth
    16 | D        | Reached skill level 15 in Invocations
    16 | D        | Reached XP level 17. HP: 208/208 MP: 17/31
    16 | D        | Killed a large bag of meat
    16 | D        | Reached **** piety under Makhleb
    17 | D        | Noticed a meat berserker
    18 | D        | Killed a meat berserker
    18 | D        | Reached skill level 15 in Spellcasting
    18 | D        | Gained mutation: You passively map a large area around you. [Deep Dwarf growth]
    18 | D        | Reached XP level 18. HP: 218/218 MP: 17/37
    18 | D        | Reached skill level 21 in Armour
    18 | D        | Reached skill level 24 in Stealth
    18 | D        | Reached skill level 24 in Invocations
    18 | D        | Noticed a destroyer
    19 | D        | Reached skill level 18 in Spellcasting
    19 | D        | Reached ***** piety under Makhleb
    19 | D        | Reached skill level 24 in Armour
    19 | D        | Reached skill level 27 in Stealth
    19 | D        | Reached skill level 27 in Invocations
    19 | D        | Reached XP level 19. HP: 226/226 MP: 18/42
    19 | D        | Killed a meat berserker
    19 | D        | Reached skill level 27 in Armour
    21 | D        | Reached skill level 24 in Spellcasting
    21 | D        | Killed a destroyer
    21 | D        | Reached skill level 27 in Spellcasting
    21 | D        | Reached XP level 20. HP: 236/236 MP: 18/51
    21 | D        | Reached skill level 15 in Maces & Flails
    21 | D        | Reached skill level 15 in Throwing
    21 | D        | Reached skill level 15 in Unarmed Combat
    22 | D        | Reached ****** piety under Makhleb
    22 | D        | Reached skill level 18 in Maces & Flails
    22 | D        | Reached skill level 18 in Throwing
    22 | D        | Reached skill level 18 in Unarmed Combat
    22 | D        | Reached XP level 21. HP: 244/244 MP: 18/52
    23 | D        | Reached skill level 21 in Throwing
    23 | D        | Reached skill level 21 in Unarmed Combat
    23 | D        | Reached skill level 24 in Maces & Flails
    24 | D        | Noticed a large bag of meat
    25 | D        | Noticed a large bag of meat
    26 | D        | Reached skill level 24 in Throwing
    26 | D        | Reached skill level 24 in Unarmed Combat
    26 | D        | Reached XP level 22. HP: 224/254 MP: 19/53
    26 | D        | Reached skill level 27 in Maces & Flails
    26 | D        | Reached skill level 27 in Throwing
    26 | D        | Reached skill level 27 in Unarmed Combat
    27 | D        | Noticed a destroyer
    27 | D        | Killed a large bag of meat
    28 | D        | Noticed The Servant
    28 | D        | Noticed a large bag of meat
    29 | D        | Killed a destroyer
    29 | D        | Reached XP level 23. HP: 262/262 MP: 20/54
    33 | D        | HP: 12/262 [The Servant/+9 glaive of flaming (32)]
    35 | D        | Killed a large bag of meat
    35 | D        | Reached XP level 24. HP: 92/272 MP: 22/54
    36 | D        | Killed a large bag of meat
    38 | D        | HP: 24/272 [The Servant/+9 glaive of flaming (5)]
    39 | D        | Annihilated by The Servant

Skill      XL: |  1  2  3  4  5  6  7  8  9 10 11 12 13 14 15 16 17 18 19 20 21 22 |
---------------+-------------------------------------------------------------------+-----
Fighting       | 15 17 21 23 27 | 27.0
Dodging        | 23 26 27 | 27.0
Axes           | 19 27 | 27.0
Armour         | 7 13 19 24 27 | 27.0
Stealth        | 8 15 22 27 | 27.0
Spellcasting   | 5 10 15 19 27 | 27.0
Invocations    | 8 15 22 27 | 27.0
Maces & Flails | 13 19 26 27 | 27.0
Throwing       | 11 18 24 27 | 27.0
Unarmed Combat | 11 18 24 27 | 27.0
Translocations | |  3.2

Action                   |  1- 3 |  4- 6 |  7- 9 | 10-12 | 13-15 | 16-18 | 19-21 | 22-24 || total
-------------------------+-------+-------+-------+-------+-------+-------+-------+-------++-------
Melee: Executioner's axe |     1 |       |       |     1 |     4 |     3 |     4 |     6 ||    19
 Abil: Heal Wounds       |       |       |       |       |       |       |       |     1 ||     1
  Use: Scroll            |       |       |       |       |       |     1 |       |       ||     1
       Potion            |       |       |       |       |       |       |       |     1 ||     1
Dodge: Dodged            |       |       |       |     1 |     1 |       |       |     3 ||     5
